NYP
ABERDEEN IRONBIRDS @ WEST VIRGINIA BLACK BEARS
07/30/2099
 
TOP OF THE 1ST
Aberdeen Ironbirds batting - Pitching for West Virginia Black Bears : RHP Gerardo Gonzalez
Pitching: RHP Gerardo Gonzalez
Batting: RHB Mike Sexton 0-0: Ball
1-0: SINGLE (Groundball, 4MD, EV 108.1 MPH)
Batting: RHB John Larsen 0-0: Called Strike
0-1: Ball
1-1: Fielders Choice at 2nd, 3-6 (Groundball, 3, EV 82.5 MPH)
Batting: RHB Jimmy Hesch 0-0: SINGLE (Line Drive, 7S, EV 103.8 MPH)
John Larsen to second
Batting: RHB Marcus Brown 0-0: Grounds into double play, U5-3 (Groundball, 5L, EV 83.8 MPH)
Top of the 1st over - 0 runs, 2 hits, 0 errors, 1 left on base; Aberdeen 0 - West Virginia 0
BOTTOM OF THE 1ST
West Virginia Black Bears batting - Pitching for Aberdeen Ironbirds : LHP Cameron Goodfellow
Pitching: LHP Cameron Goodfellow
Batting: RHB James Sanders 0-0: Ball
1-0: Ball
2-0: Swinging Strike
2-1: Ball
3-1: Base on Balls
Batting: RHB Brian Hilton 0-0: Ground out 6-3 (Groundball, 6S, EV 78.1 MPH)
James Sanders to second
Batting: RHB Shawn Atkin 0-0: Ball
1-0: Ball
2-0: Fly out, F7 (Flyball, 78D, EV 100.6 MPH)
Runner from 2nd tags up, SAFE at 3rd with throw by LF
Batting: RHB David Burks 0-0: Ball
1-0: Called Strike
1-1: DOUBLE (Groundball, 3D, EV 103.1 MPH)
James Sanders scores
Batting: LHB Harry Romero 0-0: Foul Ball, location: 7LSF
0-1: Foul Ball, location: 2RF
0-2: Strikes out looking
Bottom of the 1st over - 1 run, 1 hit, 0 errors, 1 left on base; Aberdeen 0 - West Virginia 1
TOP OF THE 2ND
Aberdeen Ironbirds batting - Pitching for West Virginia Black Bears : RHP Gerardo Gonzalez
Batting: RHB Ben Mazariego 0-0: Ball
1-0: Called Strike
1-1: Ball
2-1: SINGLE (Groundball, 4MD, EV 101.9 MPH)
Batting: RHB Jayden Shirley 0-0: Swinging Strike
0-1: Ball
1-1: Ball
2-1: Grounds into double play, 4-6-3 (Groundball, 4, EV 83.1 MPH)
Batting: RHB Danny Phillips 0-0: Ball
1-0: Ball
2-0: Ground out 5-3 (Groundball, 56, EV 81.3 MPH)
Top of the 2nd over - 0 runs, 1 hit, 0 errors, 0 left on base; Aberdeen 0 - West Virginia 1
BOTTOM OF THE 2ND
West Virginia Black Bears batting - Pitching for Aberdeen Ironbirds : LHP Cameron Goodfellow
Batting: RHB Sam Filter 0-0: Ball
1-0: Foul Ball, location: 3SF
1-1: Ball
2-1: Foul Ball, location: 25FF
2-2: Strikes out looking
Batting: RHB Willie Ovalle 0-0: Ball
1-0: Ball
2-0: Ball
3-0: Base on Balls
Batting: SHB Mark Norlander 0-0: Called Strike
0-1: Foul Ball, location: 5F
0-2: Foul Ball, location: 5DF
0-2: Hit by Pitch
Willie Ovalle to second
Batting: RHB Josh Kastner 0-0: SINGLE (Line Drive, 89M, EV 87.5 MPH)
Willie Ovalle to third
Mark Norlander to second
Runner from 3rd tries for Home, SAFE, throw by CF to home
Batting: RHB James Sanders 0-0: Called Strike
0-1: Foul Ball, location: 9LDF
0-2: Ball
1-2: Fly out, F9 (Flyball, 89S, EV 88.1 MPH)
Batting: RHB Brian Hilton 0-0: Called Strike
0-1: Ball
1-1: Foul Ball, location: 25F
1-2: Ball
2-2: Ball
3-2: Fly out, F7 (Flyball, 78S, EV 91.9 MPH)
Bottom of the 2nd over - 1 run, 1 hit, 0 errors, 2 left on base; Aberdeen 0 - West Virginia 2
TOP OF THE 3RD
Aberdeen Ironbirds batting - Pitching for West Virginia Black Bears : RHP Gerardo Gonzalez
Batting: LHB Jose Estrada 0-0: Ground out U3 (Groundball, 3L, EV 101.3 MPH)
Batting: RHB Enrique Castaneda 0-0: Ground out 3-1 (Groundball, 34S, EV 68.8 MPH)
Batting: RHB Mike Sexton 0-0: Called Strike
0-1: Foul Ball, location: 5FF
0-2: Fly out, F8 (Flyball, 8LM, EV 94.4 MPH)
Top of the 3rd over - 0 runs, 0 hits, 0 errors, 0 left on base; Aberdeen 0 - West Virginia 2
BOTTOM OF THE 3RD
West Virginia Black Bears batting - Pitching for Aberdeen Ironbirds : LHP Cameron Goodfellow
Batting: RHB Shawn Atkin 0-0: Ball
1-0: Ball
2-0: Called Strike
2-1: SINGLE (Groundball, 4MS, EV 70.6 MPH) (infield hit)
Batting: RHB David Burks 0-0: Ball
1-0: SINGLE (Groundball, 34D, EV 94.4 MPH)
Shawn Atkin to second
Runner from 2nd tries for 3rd, SAFE, no throw by RF
Batting: LHB Harry Romero 0-0: Ball
1-0: Called Strike
1-1: Called Strike
1-2: Foul Ball, location: 2F
1-2: Ball
2-2: Ball
3-2: Strikes out swinging
Batting: RHB Sam Filter 0-0: Called Strike
0-1: Ball
1-1: Called Strike
1-2: Strikes out looking
Batting: RHB Willie Ovalle 0-0: Ball
1-0: SINGLE (Groundball, P, EV 78.1 MPH) (infield hit)
Shawn Atkin scores
David Burks to second
Batting: SHB Mark Norlander 0-0: Foul Ball, location: 3SF
0-1: SINGLE (Groundball, 6M, EV 81.9 MPH) (infield hit)
David Burks to third
Willie Ovalle to second
Batting: RHB Josh Kastner 0-0: Ball
1-0: Fly out, F6 (Popup, 6S, EV 79.4 MPH)
Bottom of the 3rd over - 1 run, 4 hits, 0 errors, 3 left on base; Aberdeen 0 - West Virginia 3
TOP OF THE 4TH
Aberdeen Ironbirds batting - Pitching for West Virginia Black Bears : RHP Gerardo Gonzalez
Batting: RHB John Larsen 0-0: Called Strike
0-1: Ball
1-1: SINGLE (Line Drive, 34, EV 96.9 MPH)
Batting: RHB Jimmy Hesch Pickoff Throw to First - Error! E1
John Larsen to second
0-0: Ball
1-0: Swinging Strike
1-1: Called Strike
1-2: Foul Ball, location: 9LMF
1-2: Ball
2-2: Foul Ball, location: 25F
2-2: Strikes out swinging
Batting: RHB Marcus Brown 0-0: Swinging Strike
0-1: Called Strike
0-2: Ball
1-2: Ball
2-2: Ball
3-2: Base on Balls
Batting: RHB Ben Mazariego 0-0: Ball
1-0: Grounds into double play, 6-4-3 (Groundball, 6, EV 85.6 MPH)
Top of the 4th over - 0 runs, 1 hit, 1 error, 1 left on base; Aberdeen 0 - West Virginia 3
BOTTOM OF THE 4TH
West Virginia Black Bears batting - Pitching for Aberdeen Ironbirds : LHP Cameron Goodfellow
Batting: RHB James Sanders 0-0: Ball
1-0: Fly out, F8 (Flyball, 89D, EV 106.9 MPH)
Batting: RHB Brian Hilton 0-0: Called Strike
0-1: Ball
1-1: Ball
2-1: Called Strike
2-2: SOLO HOME RUN (Flyball, 89XD, EV 106.3 MPH), Distance : 432 ft
Batting: RHB Shawn Atkin 0-0: Foul Ball, location: 9LDF
0-1: Fly out, F7 (Flyball, 78S, EV 92.5 MPH)
Batting: RHB David Burks 0-0: Ball
1-0: Swinging Strike
1-1: Ball
2-1: Foul Ball, location: 25F
2-2: Ball
3-2: Foul Ball, location: 3FF
3-2: Base on Balls
Batting: LHB Harry Romero 0-0: Ball
1-0: Ground out 4-3 (Groundball, 4, EV 89.4 MPH)
Bottom of the 4th over - 1 run, 1 hit, 0 errors, 1 left on base; Aberdeen 0 - West Virginia 4
TOP OF THE 5TH
Aberdeen Ironbirds batting - Pitching for West Virginia Black Bears : RHP Gerardo Gonzalez
Batting: RHB Jayden Shirley 0-0: Called Strike
0-1: Ball
1-1: Ball
2-1: Foul Ball, location: 2F
2-2: Foul Ball, location: 5F
2-2: Ground out U3 (Groundball, 34, EV 80.6 MPH)
Batting: RHB Danny Phillips 0-0: Ball
1-0: Ball
2-0: Ball
3-0: Called Strike
3-1: Called Strike
3-2: SINGLE (Line Drive, 7S, EV 88.1 MPH)
Batting: LHB Jose Estrada 0-0: Called Strike
0-1: Foul Ball, location: 2F
0-2: Strikes out swinging
Batting: RHB Enrique Castaneda 0-0: Foul Ball, location: 2F
0-1: Single, Error in OF, E8, batter to second base (Groundball, 6MD, EV 101.3 MPH)
Danny Phillips to third
Batting: RHB Mike Sexton 0-0: Ball
1-0: Called Strike
1-1: Ball
2-1: Ball
3-1: Ground out U3 (Groundball, 34, EV 86.3 MPH)
Top of the 5th over - 0 runs, 2 hits, 1 error, 2 left on base; Aberdeen 0 - West Virginia 4
BOTTOM OF THE 5TH
West Virginia Black Bears batting - Pitching for Aberdeen Ironbirds : LHP Cameron Goodfellow
Batting: RHB Sam Filter 0-0: Ball
1-0: Foul Ball, location: 9LMF
1-1: Swinging Strike
1-2: Ball
2-2: DOUBLE (Flyball, 89D, EV 107.5 MPH)
Batting: RHB Willie Ovalle 0-0: Foul Ball, location: 2F
0-1: Ground out 5-3 (Groundball, 56, EV 82.5 MPH)
Batting: SHB Mark Norlander 0-0: Ball
1-0: Swinging Strike
1-1: Ball
2-1: Foul Ball, location: 2F
2-2: Fly out, F8 (Flyball, 8RXD, EV 106.3 MPH)
Runner from 2nd tags up, SAFE at 3rd, no throw by CF
Pitching: LHP Miguel Urquidi
Batting: RHB Josh Kastner 0-0: Called Strike
0-1: Ball
1-1: Called Strike
1-2: SINGLE (Groundball, 6MD, EV 95.6 MPH)
Sam Filter scores
Batting: RHB James Sanders 0-0: Ball
1-0: Ball
2-0: Called Strike
2-1: Foul Ball, location: 2F
2-2: Ball
3-2: Base on Balls
Josh Kastner to second
Batting: RHB Brian Hilton 0-0: Ball
1-0: Ball
2-0: Fielders Choice at 2nd, 5-4 (Groundball, 56, EV 99.4 MPH)
Bottom of the 5th over - 1 run, 2 hits, 0 errors, 2 left on base; Aberdeen 0 - West Virginia 5
TOP OF THE 6TH
Aberdeen Ironbirds batting - Pitching for West Virginia Black Bears : RHP Gerardo Gonzalez
Batting: RHB John Larsen 0-0: Hit by Pitch
Pitching: RHP Glen Urry
Batting: RHB Jimmy Hesch 0-0: Foul Ball, location: 9LMF
0-1: Ball
1-1: Ball
2-1: SINGLE (Line Drive, 4D, EV 95.6 MPH)
John Larsen to second
Batting: RHB Marcus Brown 0-0: Ball
1-0: 3-RUN HOME RUN (Flyball, 8RXD, EV 111.3 MPH), Distance : 448 ft
Batting: RHB Ben Mazariego 0-0: Called Strike
0-1: Foul Ball, location: 23F
0-2: Strikes out looking
Batting: RHB Jayden Shirley 0-0: Ball
1-0: Ground out 3-1 (Groundball, 34S, EV 86.3 MPH)
Batting: RHB Danny Phillips 0-0: Ball
1-0: SOLO HOME RUN (Flyball, 9D, EV 99.4 MPH), Distance : 399 ft
Pitching: RHP Rogelio Montoya
Batting: LHB Jose Estrada 0-0: Foul Ball, location: 7LMF
0-1: Ground out U3 (Groundball, 34, EV 109.4 MPH)
Top of the 6th over - 4 runs, 3 hits, 0 errors, 0 left on base; Aberdeen 4 - West Virginia 5
BOTTOM OF THE 6TH
West Virginia Black Bears batting - Pitching for Aberdeen Ironbirds : LHP Miguel Urquidi
Batting: RHB Shawn Atkin 0-0: Swinging Strike
0-1: Called Strike
0-2: Ball
1-2: Ball
2-2: DOUBLE (Line Drive, 7LS, EV 109.4 MPH)
Batting: RHB David Burks 0-0: Swinging Strike
0-1: Ball
1-1: Called Strike
1-2: Ball
2-2: Ball
3-2: Base on Balls
Batting: LHB Harry Romero 0-0: Ball
1-0: Ball
2-0: Foul Ball, location: 5F
2-1: Foul Ball, location: 23F
2-2: Foul Ball, location: 7LSF
2-2: Strikes out swinging
Batting: RHB Sam Filter 0-0: Ball
1-0: Ball
2-0: Ball
3-0: Called Strike
3-1: Base on Balls
Shawn Atkin to third
David Burks to second
Batting: RHB Willie Ovalle 0-0: Called Strike
0-1: Swinging Strike
0-2: Strikes out swinging
Batting: SHB Mark Norlander 0-0: Ball
1-0: Ball
2-0: Ball
3-0: Base on Balls
Shawn Atkin scores
David Burks to third
Sam Filter to second
Batting: RHB Josh Kastner 0-0: Called Strike
0-1: Ball
1-1: Fielders Choice at 2nd, 5-4 (Groundball, 56, EV 103.8 MPH)
Bottom of the 6th over - 1 run, 1 hit, 0 errors, 3 left on base; Aberdeen 4 - West Virginia 6
TOP OF THE 7TH
Aberdeen Ironbirds batting - Pitching for West Virginia Black Bears : RHP Rogelio Montoya
Batting: RHB Enrique Castaneda 0-0: Ball
1-0: Called Strike
1-1: Swinging Strike
1-2: Ball
2-2: Strikes out swinging
Batting: RHB Mike Sexton 0-0: Fly out, F5 (Line Drive, 5, EV 68.8 MPH)
Batting: RHB John Larsen 0-0: Fly out, F9 (Flyball, 89S, EV 81.9 MPH)
Top of the 7th over - 0 runs, 0 hits, 0 errors, 0 left on base; Aberdeen 4 - West Virginia 6
BOTTOM OF THE 7TH
West Virginia Black Bears batting - Pitching for Aberdeen Ironbirds : LHP Miguel Urquidi
Pitching: RHP Jeff Gifford
Batting: RHB James Sanders 0-0: Called Strike
0-1: Ball
1-1: Ball
2-1: Ball
3-1: Base on Balls
Batting: RHB Brian Hilton 0-0: DOUBLE (Line Drive, 9LM, EV 106.3 MPH)
James Sanders to third
Batting: RHB Shawn Atkin 0-0: Ball
1-0: Ball
2-0: Ground out 6-3 (Groundball, 6, EV 98.8 MPH)
Batting: RHB David Burks 0-0: Ball
1-0: Ball
2-0: Ground out 5-3 (Groundball, 5S, EV 61.3 MPH)
Batting: LHB Harry Romero 0-0: Called Strike
0-1: Ball
1-1: Ball
2-1: Foul Ball, location: 5F
2-2: SINGLE (Line Drive, 6D, EV 100.0 MPH)
James Sanders scores
Brian Hilton to third
Runner from 3rd tries for Home, SAFE, throw by CF to home
Batting: RHB Sam Filter 0-0: Called Strike
0-1: Swinging Strike
0-2: Foul Ball, location: 9LSF
0-2: Ball
1-2: Fly out, F6 (Popup, 6S, EV 74.4 MPH)
Bottom of the 7th over - 2 runs, 2 hits, 0 errors, 1 left on base; Aberdeen 4 - West Virginia 8
TOP OF THE 8TH
Aberdeen Ironbirds batting - Pitching for West Virginia Black Bears : RHP Rogelio Montoya
Batting: RHB Jimmy Hesch 0-0: Ball
1-0: SOLO HOME RUN (Flyball, 7D, EV 98.8 MPH), Distance : 385 ft
Batting: RHB Marcus Brown 0-0: Ball
1-0: Foul Ball, location: 7LMF
1-1: Hit by Pitch
Batting: RHB Ben Mazariego 0-0: Ball
1-0: Ball
2-0: Ball
3-0: Called Strike
3-1: Foul Ball, location: 2F
3-2: Fly out, F9 (Flyball, 9, EV 99.4 MPH)
Batting: RHB Jayden Shirley 0-0: Foul Ball, location: 25F
0-1: Ball
1-1: Called Strike
1-2: Foul Ball, location: 25FF
1-2: Ball
2-2: Ball
3-2: SINGLE (Line Drive, 7S, EV 104.4 MPH)
Marcus Brown to second
Pitching: RHP Jake Harris
Batting: RHB Danny Phillips 0-0: Ball
1-0: Foul Ball, location: 2F
1-1: Swinging Strike
1-2: Foul Ball, location: 2F
1-2: Ground out 4-3 (Groundball, 4MD, EV 108.8 MPH)
Marcus Brown to third
Jayden Shirley to second
Batting: LHB Jose Estrada 0-0: Swinging Strike
0-1: Foul Ball, location: 2F
0-2: Foul Ball, location: 3F
0-2: Foul Ball, location: 2F
0-2: Ball
1-2: Strikes out swinging
Top of the 8th over - 1 run, 2 hits, 0 errors, 2 left on base; Aberdeen 5 - West Virginia 8
BOTTOM OF THE 8TH
West Virginia Black Bears batting - Pitching for Aberdeen Ironbirds : RHP Jeff Gifford
Batting: RHB Willie Ovalle 0-0: Swinging Strike
0-1: Ball
1-1: Reaches on Catchers interference
Batting: SHB Mark Norlander 0-0: Fly out, F4 (Line Drive, 4, EV 75.0 MPH)
Batting: RHB Josh Kastner 0-0: Called Strike
0-1: Ball
1-1: Called Strike
Willie Ovalle steals 2nd base
1-2: Ball
2-2: Strikes out looking
Pinch Hitting: SHB Tyler Ryan 0-0: Ball
1-0: Ball
2-0: Ground out U3 (Groundball, 3, EV 79.4 MPH)
Bottom of the 8th over - 0 runs, 0 hits, 1 error, 1 left on base; Aberdeen 5 - West Virginia 8
TOP OF THE 9TH
Aberdeen Ironbirds batting - Pitching for West Virginia Black Bears : RHP Jake Harris
Now at 1B: Chris Daniel
Pinch Hitting: SHB Xavier Rios 0-0: Called Strike
0-1: Swinging Strike
0-2: Ball
1-2: Ball
2-2: Ball
3-2: Strikes out swinging
Pitching: RHP David Peterson
Batting: RHB Mike Sexton 0-0: Ball
1-0: Ball
2-0: Ball
3-0: Base on Balls
Batting: RHB John Larsen 0-0: Called Strike
0-1: Fly out, F9 (Flyball, 9D, EV 81.9 MPH)
Batting: RHB Jimmy Hesch 0-0: Swinging Strike
0-1: Ball
1-1: Swinging Strike
1-2: Ball
2-2: Strikes out swinging
Top of the 9th over - 0 runs, 0 hits, 0 errors, 1 left on base; Aberdeen 5 - West Virginia 8
Monday, May 13th , 2024 - OOTP Baseball 24.11 Build 85